 Dungeon Crawl Stone Soup version 0.21.1-1-g345015f (webtiles) character file.

85 Opti87 the Sneak (level 4, 0/21 HPs)
             Began as a Kobold Enchanter on May 22, 2018.
             Was an Initiate of Hepliaklqana.
             Slain by an orc
             ... wielding a +0 trident
              (3 damage)
             ... on level 3 of the Dungeon.
             The game lasted 00:16:44 (3324 turns).

Opti87 the Sneak (Kobold Enchanter)                 Turns: 3324, Time: 00:16:44

Health: 0/21       AC:  2    Str:  6    XL:     4   Next: 75%
Magic:  8/8        EV: 16    Int: 16    God:    Hepliaklqana [......]
Gold:   50         SH:  0    Dex: 17    Spells: 3/9 levels left

rFire    . . .     SeeInvis .   a - +1 dagger
rCold    . . .     Gourm    +   (shield restricted)
rNeg     + . .     Faith    .   b - +0 robe
rPois    .         Spirit   .   (no helmet)
rElec    .         Reflect  .   (no cloak)
rCorr    .         Harm     .   (no gloves)
MR       .....                  (no boots)
Stlth    +++.......             r - amulet of the gourmand
HPRegen  0.07/turn              s - +2 ring of dexterity (curse)
MPRegen  0.11/turn              t - ring of positive energy

@: no status effects
A: small, reduced essence, carnivore
a: Recall Ancestor, Ancestor Identity, Renounce Religion


You were on level 3 of the Dungeon.
You worshipped Hepliaklqana.
Hepliaklqana was noncommittal.
You were very full.

You visited 1 branch of the dungeon, and saw 3 of its levels.

You collected 50 gold pieces.

Inventory:

Hand Weapons
 a - a +1 dagger (weapon)
Missiles
 v - 77 stones (quivered)
Armour
 b - a +0 robe (worn)
Jewellery
 r - an amulet of the gourmand (around neck)
 s - a cursed +2 ring of dexterity (left hand)
 t - a ring of positive energy (right hand)
Wands
 i - a wand of paralysis (4)
Scrolls
 e - a scroll of magic mapping {unknown}
 f - a scroll of teleportation
 m - 2 scrolls of identify {@r1}
 n - a scroll of immolation
 o - 3 scrolls of remove curse {@r2}
 u - a scroll of random uselessness {unknown}
Potions
 g - 2 potions of haste {unknown}
 h - a potion of degeneration {unknown}
 j - 3 potions of might
 k - 2 potions of invisibility
 l - a potion of flight {unknown}
 p - 2 potions of curing {unknown}
 q - a potion of agility {unknown}
Books
 c - a book of Maledictions

   Spells                             Type                      Level
   a - Corona                         Hexes                        1
   b - Ensorcelled Hibernation        Hexes/Ice                    2
   c - Confuse                        Hexes                        3
   d - Tukima's Dance                 Hexes                        3
   e - Dazzling Spray                 Conjuration/Hexes            3
Comestibles
 d - 4 rations


   Skills:
 + Level 3.0 Short Blades
 + Level 3.4 Dodging
 + Level 4.1 Stealth
 + Level 3.0 Spellcasting
 + Level 3.5 Hexes


You had 3 spell levels left.
You knew the following spells:

 Your Spells              Type           Power        Failure   Level  Hunger
a - Corona                Hex            ##.....      4%          1    #......
b - Ensorcelled Hibernat  Hex/Ice        #.....       14%         2    ##.....
c - Confuse               Hex            ##......     13%         3    ###....


Dungeon Overview and Level Annotations

Branches:
Dungeon (3/15)

Altars:
Hepliaklqana
Xom


Innate Abilities, Weirdness & Mutations

You are small and have problems with some larger weapons.
You are carnivorous and can eat meat at any time.
Your life essence is reduced to manifest your ancestor. (-10% HP)


Message History

You are too injured to fight recklessly!
You hit the orc but do no damage. The orc barely misses you.
You hit the orc but do no damage. The orc closely misses you.
Xiloxoch hits the orc.
You hit the orc.
The orc is moderately wounded.
The orc barely misses you.
Xiloxoch closely misses the orc.
The orc hits you with a trident.
Xiloxoch hits the orc but does no damage.
You are too injured to fight recklessly!
You are too injured to fight recklessly!
You are too injured to fight recklessly!
You are too injured to fight recklessly!
The orc stops glowing.
Xiloxoch closely misses the orc.
The orc hits you from afar with a trident!
* * * LOW HITPOINT WARNING * * *
Xiloxoch closely misses the orc.
The orc hits you from afar with a trident.
You die...

#.........##..####
. +.......>.###.#
#.#.........# ..
##.#.........# #.#
.##............#
..............##
.##......##.#.# P
.##.....R...#.####
.
.......o.@........
♣♣♣♣♣
...##.####..##'####
....♣#...... # #..#
.. .P♣.♣P..###.=#
##.# .
..P♣.♣#.###..# #.#
.8♣..........# #..
.P♣.♣......... .?..
.♣..♣#<....... ...#
P.♣.♣#..J..... .#..


You could see the friendly Xiloxoch the ancestor and an orc.

Vanquished Creatures
  An iguana (D:2)
  An adder (D:2)
  A dart slug (D:2)
  A leopard gecko (D:2)
  A ball python (D:3)
  2 giant cockroaches
  2 goblins (D:2)
  A hobgoblin (D:1)
  4 jackals (D:2)
  3 quokkas
  2 bats (D:1)
  5 frilled lizards
  6 kobolds
  5 rats
35 creatures vanquished.

Vanquished Creatures (collateral kills)
  2 worms
  2 bats (D:3)
  A goblin (D:3)
  2 jackals (D:2)
  A plant (D:3)
8 creatures vanquished.

Vanquished Creatures (others)
  An ancestor (D:2)
1 creature vanquished.

Grand Total: 44 creatures vanquished

Notes
Turn   | Place    | Note
-------+----------+-------------------------------------------
     0 | D:1      | Opti87 the Kobold Enchanter began the quest for the Orb.
     0 | D:1      | Reached XP level 1. HP: 10/10 MP: 3/3
   411 | D:1      | Reached XP level 2. HP: 6/15 MP: 3/5
  1714 | D:2      | Reached XP level 3. HP: 4/19 MP: 6/6
  1783 | D:2      | Learned a level 2 spell: Ensorcelled Hibernation
  1790 | D:2      | Learned a level 3 spell: Confuse
  1961 | D:2      | Reached XP level 4. HP: 24/24 MP: 3/8
  2160 | D:2      | Found a hazy altar of Hepliaklqana.
  2162 | D:2      | Found a shimmering altar of Xom.
  2162 | D:2      | Noticed a boggart
  2163 | D:2      | Noticed a spectral ugly thing
  2163 | D:2      | Noticed a boggart
  2166 | D:2      | Became a worshipper of Hepliaklqana the Forgotten
  3324 | D:3      | Slain by an orc

Skill      XL: |  1  2  3  4 |
---------------+-------------+-----
Short Blades   | 2 3 |  3.0
Dodging        | 3 |  3.4
Spellcasting   | 3 |  3.0
Stealth        | |  4.1
Hexes          | |  3.5

Action                   |  1- 3 |  4- 6 || total
-------------------------+-------+-------++-------
Melee: Dagger            |   111 |    94 ||   205
 Cast: Corona            |    21 |    10 ||    31
       Confuse           |     1 |     2 ||     3
       Ensorcelled Hiber |     1 |     2 ||     3
  Use: Potion            |     1 |     2 ||     3
       Scroll            |       |     4 ||     4
 Stab: Sleeping          |     2 |     2 ||     4
       Confused          |     1 |       ||     1
  Eat: Chunk             |    12 |     4 ||    16
Armor: Robe              |    13 |    13 ||    26
Dodge: Dodged            |    72 |    76 ||   148
